 Dungeon Crawl Stone Soup version 0.28.0-53-g5a82cb258f (webtiles) character file.

Game seed: 17593538290215714828

107 Peloso the Covered (level 4, 0/40 HPs)
             Began as a Minotaur Fighter on May 22, 2022.
             Slain by an orc
             ... wielding a +0 whip
              (4 damage)
             ... on level 3 of the Dungeon.
             The game lasted 00:05:15 (2208 turns).

Peloso the Covered (Minotaur Fighter)               Turns: 2208, Time: 00:05:15

Health: 0/40       AC: 10    Str: 20    XL:     4   Next: 56%
Magic:  3/3        EV:  7    Int:  5    God:
Gold:   146        SH:  5    Dex: 12    Spells: 3/3 levels left

rFire   . . .      SeeInvis .   a - +2 long sword (holy)
rCold   . . .      Faith    .   c - +0 buckler
rNeg    . . .      Spirit   .   l - +0 chain mail
rPois   .          Reflect  .   (helmet restricted)
rElec   .          Harm     .   g - +0 cloak
rCorr   .          Rampage  .   (no gloves)
Will    .....                   (no boots)
Stlth   ..........              (no amulet)
HPRegen 0.13/turn               (no ring)
MPRegen 0.08/turn               (no ring)

@: no status effects
A: horns 2, retaliatory headbutt
a: no special abilities


You were on level 3 of the Dungeon.
You visited 1 branch of the dungeon, and saw 3 of its levels.

You collected 146 gold pieces.

Inventory:

Hand Weapons
 a - a +2 long sword of holy wrath (weapon)
Armour
 b - a +0 scale mail
 c - a +0 buckler (worn)
 g - a +0 cloak (worn)
 l - a +0 chain mail (worn)
Scrolls
 e - 4 scrolls of magic mapping {unknown}
 j - 2 scrolls of identify {unknown}
 k - a scroll of enchant weapon {unknown}
 p - a scroll of noise {unknown}
Potions
 d - a potion of might
 f - a potion of flight {unknown}
 h - a potion of ambrosia {unknown}
 i - 2 potions of curing {unknown}
 m - a potion of berserk rage {unknown}
 n - a potion of resistance {unknown}
 o - a potion of brilliance {unknown}


   Skills:
 + Level 4.0 Fighting
 + Level 3.8 Long Blades
 + Level 4.6 Armour
 + Level 0.4 Dodging
 + Level 4.5 Shields


You had 3 spell levels left.
You didn't know any spells.
Your spell library was empty.

Dungeon Overview and Level Annotations

Branches:
Dungeon (3/15)

Altars:
Elyvilon


Innate Abilities, Weirdness & Mutations

You have a pair of horns on your head.
You reflexively headbutt those who attack you in melee.


Message History

Unknown command.
You hit the orc. Your headbutt misses the orc.
The orc is moderately wounded.
You block the orc's attack. The orc hits you but does no damage.
Unknown command.
You hit the orc but do no damage.
The orc is moderately wounded.
The orc closely misses you. The orc hits you but does no damage.
The orc barely misses you.
Unknown command.
You hit the orc.
The orc is almost dead.
The orc hits you but does no damage. The orc barely misses you.
The orc hits you but does no damage.
Unknown command.
You hit the orc but do no damage.
The orc is almost dead.
The orc hits you from afar with a +0 trident.
The orc closely misses you.
Unknown command.
You hit the orc but do no damage.
The orc is almost dead.
The orc hits you from afar with a +0 trident.
* * * LOW HITPOINT WARNING * * *
The orc hits you with a +0 whip.
* * * LOW HITPOINT WARNING * * *
Unknown command.
You hit the orc but do no damage.
The orc is almost dead.
The orc closely misses you. The orc hits you but does no damage.
The orc hits you from afar with a +0 trident.
* * * LOW HITPOINT WARNING * * *
Unknown command.
You barely miss the orc.
The orc is almost dead.
You block the orc's attack.
The orc hits you from afar with a +0 trident.
* * * LOW HITPOINT WARNING * * *
The orc hits you with a +0 whip.
You die...

#.......##.###............
#.PPPPP.##...#............
#.P...P.####.†...........#
#.P._.P.#.............#...
#.......#.###.....###.....
######### #....### .....
#.#.## .... ####.####.#.#
... .....o)@....# ...
......)o.#.## ...........#
.........### ##########


You could see 2 orcs.

Vanquished Creatures
  An orc priest (D:3)
  An adder (D:2)
  3 dart slugs (D:1)
  2 orcs (D:3)
  3 ball pythons
  3 bats (D:1)
  8 endoplasms
  5 giant cockroaches (D:1)
  6 goblins
  3 hobgoblins
  4 jackals (D:1)
  3 quokkas (D:1)
  3 frilled lizards (D:1)
  6 kobolds
  5 rats
56 creatures vanquished.

Vanquished Creatures (others)
  10 plants (D:2)
10 creatures vanquished.

Grand Total: 66 creatures vanquished

Notes
Turn   | Place    | Note
-------+----------+-------------------------------------------
     0 | D:1      | Peloso the Minotaur Fighter began the quest for the Orb.
     0 | D:1      | Reached XP level 1. HP: 19/19 MP: 0/0
   130 | D:1      | Reached XP level 2. HP: 27/27 MP: 1/1
   334 | D:1      | Found a faded altar of an unknown god.
   364 | D:1      | Reached XP level 3. HP: 32/33 MP: 2/2
  1204 | D:2      | Reached XP level 4. HP: 34/40 MP: 3/3
  2153 | D:3      | Found a white marble altar of Elyvilon.
  2208 | D:3      | Slain by an orc

Illustrated notes

Levels and vault maps discovered:
D:1:      wander_arrival_lonely_grave, layout_basic,
          hellmonk_ecumenical_altar_leap_of_faith, minmay_nonomino_d4
D:2:      wad_woods_pond, layout_basic
D:3:      layout_rooms, mainiacjoe_overflow_alcove_4,
          nicolae_overflow_ecumenical_swirl

Skill      XL: |  1  2  3  4 |
---------------+-------------+-----
Shields        | 4 |  4.5
Armour         | 4 |  4.6
Long Blades    | 3 |  3.8
Fighting       | 4 |  4.0
Dodging        | |  0.4

Action                   |  1- 3 |  4- 6 || total
-------------------------+-------+-------++-------
Melee: Long sword        |    71 |    43 ||   114
       Headbutt          |    11 |    15 ||    26
Armor: Scale mail        |    36 |       ||    36
       Chain mail        |     3 |    12 ||    15
Dodge: Dodged            |    40 |    13 ||    53
Block: Buckler           |    21 |     7 ||    28
